AoeStats
← tabinoko

Arabia

509888013Analyzed
4v4 RM · 3d ago on Sep 28, 2026· 63m 32s· 8 players
Game mode
Random Map
Map size
Large (8 player)
Population
200
Speed
Normal
Resources
Standard
Victory
Conquest
Starting age
Dark Age
Ending age
Imperial Age
RankedLock teamsTeams togetherTeam positionsShared explorationLock speedFull tech treeHidden civsTurbo modeCheats
Victory
Defeat
🇹🇼 Varangians · Taiwan
867
+14
🇨🇳 Bohemians · China
859
+15
🇮🇳 Japanese · India
796
+17
🇯🇵 Khmer · Japan
760
+18
🇹🇷 Ethiopians · Türkiye
865
-18
🇹🇷 Spanish · Türkiye
847
-17
🇵🇱 Britons · Poland
805
-15
🇷🇴 Portuguese · Romania
776
-14
XOnurX
5:31 Loom
12:44 Feudal Age
18:48 Castle Age
17:45 Horse Collar
17:52 Double-Bit Axe
18:50 Pikeman
24:25 Scale Mail Armor
26:12 Man-at-Arms
32:36 Husbandry
34:20 Padded Archer Armor
34:10 Fletching
34:26 Scale Barding Armor
45:00 Forging
45:06 Leather Archer Armor
44:47 Bodkin Arrow
45:13 Chain Barding Armor
47:45 Imperial Age
50:15 Ballistics
50:55 Chemistry
50:17 Leather Archer Armor
49:57 Bodkin Arrow
52:59 Elite Conquistador
54:06 Halberdier
Somsiad
10:28 Feudal Age
20:03 Castle Age
17:54 Double-Bit Axe
17:55 Horse Collar
21:18 Heavy Plow
21:33 Bow Saw
21:17 Gold Mining
21:20 Stone Mining
24:01 Town Watch
27:29 Wheelbarrow
26:55 Town Patrol
27:56 Padded Archer Armor
27:47 Fletching
28:03 Scale Barding Armor
28:00 Scale Mail Armor
28:50 Gold Shaft Mining
28:53 Leather Archer Armor
28:57 Hand Cart
29:52 Ballistics
29:43 Masonry
29:15 Treadmill Crane
30:20 Bodkin Arrow
34:36 Imperial Age
31:54 Loom
32:56 Chain Mail Armor
32:39 Murder Holes
34:14 Scale Barding Armor
34:20 Forging
35:45 Conscription
36:00 Hoardings
34:46 Elite Longbowman
35:11 Crossbowman
36:24 Ring Archer Armor
37:03 Architecture
37:44 Chemistry
36:47 Bracer
37:28 Plate Mail Armor
37:19 Chain Barding Armor
38:44 Two-Man Saw
38:39 Yeomen
40:15 Arbalester
41:19 Light Cavalry
41:59 Husbandry
41:23 Cavalier
42:09 Husbandry
Laserotron
9:20 Feudal Age
10:51 Wheelbarrow
9:58 Horse Collar
10:56 Gold Mining
11:28 Stone Mining
12:51 Double-Bit Axe
15:22 Loom
21:31 Castle Age
22:43 Hand Cart
24:22 Stone Shaft Mining
24:12 Bow Saw
31:28 Heavy Plow
33:15 Pikeman
40:51 Imperial Age
Klarnetci sofi
11:09 Feudal Age
16:26 Castle Age
15:19 Stone Mining
15:11 Horse Collar
15:34 Double-Bit Axe
21:37 Wheelbarrow
25:29 Gold Mining
29:55 Fletching
33:08 Hand Cart
38:45 Imperial Age
37:22 Scale Mail Armor
38:19 Bodkin Arrow
38:21 Loom
49:54 Bow Saw
50:21 Gold Shaft Mining
49:32 Crossbowman
50:20 Thumb Ring
50:44 Arbalester
53:08 Chemistry
53:00 Heavy Plow
54:03 Two-Man Saw
春天里的老人
0:32 Loom
11:44 Feudal Age
16:27 Castle Age
17:51 Wheelbarrow
17:05 Double-Bit Axe
17:13 Horse Collar
24:30 Bow Saw
31:25 Imperial Age
28:45 Town Watch
31:05 Chemistry
30:51 Fletching
31:09 Scale Mail Armor
31:16 Squires
30:36 Pikeman
32:19 Houfnice
33:55 Conscription
33:47 Wagenburg Tactics
35:03 Murder Holes
36:26 Bodkin Arrow
36:43 Forging
36:14 Halberdier
36:58 Padded Archer Armor
37:17 Chain Mail Armor
42:04 Two-Man Saw
42:43 Bracer
53:29 Plate Mail Armor
53:36 Iron Casting
56:16 Leather Archer Armor
57:04 Blast Furnace
56:29 Scale Barding Armor
56:40 Elite Skirmisher
58:06 Ballistics
58:33 Ring Archer Armor
59:18 Caravan
60:00 Elite Hussite Wagon
Instagram
1:22 Loom
11:07 Feudal Age
13:50 Man-at-Arms
17:43 Arson
23:36 Scale Mail Armor
30:31 Castle Age
28:55 Horse Collar
31:11 Wheelbarrow
30:33 Double-Bit Axe
30:33 Long Swordsman
31:00 Gambesons
31:48 Squires
32:21 Forging
33:16 Hand Cart
37:12 Chain Mail Armor
37:43 Iron Casting
43:22 Imperial Age
43:17 Heavy Plow
43:23 Two-Handed Swordsman
44:41 Plate Mail Armor
45:12 Blast Furnace
44:35 Champion
49:02 Scale Barding Armor
49:51 Bloodlines
49:02 Light Cavalry
49:42 Husbandry
56:19 Cavalier
森永
9:16 Loom
11:29 Feudal Age
19:44 Castle Age
20:11 Castle Age
18:01 Arson
18:20 Scale Mail Armor
18:45 Double-Bit Axe
18:50 Horse Collar
20:48 Forging
24:11 Wheelbarrow
23:59 Squires
23:46 Gambesons
28:09 Gold Mining
28:33 Bow Saw
31:19 Hand Cart
31:55 Heavy Plow
31:49 Stone Mining
37:27 Iron Casting
43:36 Imperial Age
41:57 Stone Shaft Mining
44:14 Scale Barding Armor
44:25 Chain Mail Armor
45:02 Conscription
44:03 Vendel Legacy
45:19 Crop Rotation
45:53 Two-Man Saw
45:20 Chain Barding Armor
46:02 Blast Furnace
45:27 Husbandry
45:40 Bloodlines
45:10 Light Cavalry
47:13 Town Watch
48:17 Plate Barding Armor
47:59 Elite Varangian Guard
48:02 Cavalier
48:03 Hussar
49:25 Plate Mail Armor
52:06 Capped Ram
tabinoko
10:17 Feudal Age
11:36 Wheelbarrow
10:52 Double-Bit Axe
11:29 Horse Collar
17:25 Gold Mining
18:19 Town Watch
21:04 Castle Age
20:44 Stone Mining
22:05 Hand Cart
21:55 Heavy Plow
22:08 Bow Saw
26:00 Caravan
26:47 Town Patrol
28:53 Gold Shaft Mining
28:54 Stone Shaft Mining
31:08 Fortified Wall
35:08 Scale Barding Armor
35:04 Scale Mail Armor
35:04 Padded Archer Armor
34:55 Fletching
35:16 Forging
35:18 Murder Holes
35:44 Ballistics
35:35 Masonry
38:28 Imperial Age
36:24 Chain Barding Armor
36:40 Loom
36:58 Light Cavalry
37:48 Bloodlines
37:39 Husbandry
38:14 Tusk Swords
38:40 Elite Skirmisher
39:44 Conscription
38:47 Elite Ballista Elephant
40:37 Bloodlines
40:28 Husbandry
42:45 Bodkin Arrow
43:07 Leather Archer Armor
43:38 Hussar
44:37 Bracer
45:07 Ring Archer Armor
50:47 Cavalier
56:46 Plate Barding Armor
56:47 Iron Casting
61:17 Blast Furnace
61:35 Coinage
63:35 Double Crossbow
Connection lost

Rejoining the realm…

Still unreachable

The connection could not be restored.

Session expired

The server has moved on; the page needs a fresh start.